 Dungeon Crawl Stone Soup version 0.17-a0-1831-gaadb308 (webtiles) character file.

23 luca467 the Scratcher (level 2, -2/14 HPs)
             Began as a Felid Monk on Sept 14, 2015.
             Slain by Natasha (8 damage)
             ... on level 2 of the Dungeon.
             The game lasted 00:04:16 (859 turns).

luca467 the Scratcher (Felid Monk)                   Turns: 859, Time: 00:04:16

Health: -2/14      AC:  1    Str:  7    XL:     2   Next: 75%
Magic:  3/3        EV: 20    Int: 11    God:
Gold:   42         SH:  0    Dex: 18    Spells: 0 memorised, 1 level left
                                        Lives:  0   Deaths: 0

rFire  . . .     SeeInvis +       - Unarmed
rCold  . . .     Clarity  .     (armour unavailable)
rNeg   . . .     SustAt   .     (shield unavailable)
rPois  .         Gourm    .     (helmet unavailable)
rElec  .         Spirit   .     (cloak unavailable)
rCorr  .         Warding  .     (gloves unavailable)
rMut   .         Stasis   .     (boots unavailable)
MR     .....                    (no amulet)
Stlth  +++.......               (no ring)
                                (no ring)

@: slowed, slow, not resistant to hostile enchantments, fairly stealthy
A: no armour, no weapons or thrown items, claws 1, fangs 3, see invisible,
blink, carnivore 3, speed 1, sense surroundings 1, shaggy fur 1, slow metabolism
1, wild magic 1, sharp paws
a: Blink


You were on level 2 of the Dungeon.
You were very full.

You visited 1 branch of the dungeon, and saw 2 of its levels.

You collected 42 gold pieces.

Inventory:

Jewellery
 b - an uncursed ring of positive energy {unknown}
 h - a cursed ring of teleportation
Comestibles
 a - a meat ration
 d - a royal jelly


   Skills:
 * Level 3.3 Fighting
 + Level 4.2 Dodging
 + Level 3.0 Stealth
 * Level 4.4 Unarmed Combat


You had one spell level left.
You didn't know any spells.

Dungeon Overview and Level Annotations

Branches:
Dungeon (2/15)

Altars:

Annotations:
D:2 Natasha


Innate Abilities, Weirdness & Mutations

You cannot wear armour.
You are incapable of wielding weapons or throwing items.
You have sharp claws.
You have razor-sharp teeth.
You have supernaturally acute eyesight.
You are carnivorous and can eat meat at any time.
You cover ground quickly.
You are covered in fur (AC +1).
You have a slow metabolism.
Your sharp claws are effective at attacking unaware monsters.
You can translocate small distances at will.
You passively map a small area around you.
Your spells are a little harder to cast, but a little more powerful.


Message History

Natasha is heavily wounded.
The kobold completely misses you. Natasha misses you.
You closely miss Natasha.
Natasha is heavily wounded.
The kobold misses you. Natasha closely misses you.
You scratch Natasha but do no damage.
Natasha is heavily wounded.
The kobold barely misses you. Natasha casts a spell at you.
You feel yourself slow down.
You miss Natasha. You bite Natasha, but do no damage.
Natasha is heavily wounded.
The kobold barely misses you.
Natasha extends her claws.
Natasha completely misses you.
You scratch Natasha.
Natasha is severely wounded.
The kobold completely misses you. Natasha claws you!
Ouch! That really hurt!
You die...

, * , * , , ## ,
, ..# * ,* * , ,,
... , , ..# ,* ,
# #####...#
..###.#..<....##$
........###......
,, , ,
.........@h......
........#.K.....#
,
........#........
,, ,
...(....#........
........###+#.##.
, * , * .........
,, .# , ,
......... #* ,,
,, ....... , , ,


You could see Natasha and a kobold.

Vanquished Creatures
  An ooze (D:1)
  A giant gecko (D:1)
  4 hobgoblins (D:1)
  2 kobolds (D:1)
  5 bats (D:1)
  A goblin (D:1)
  4 rats (D:1)
18 creatures vanquished.

Notes
Turn   | Place    | Note
--------------------------------------------------------------
     0 | D:1      | luca467 the Felid Monk began the quest for the Orb.
     0 | D:1      | Reached XP level 1. HP: 10/10 MP: 2/2
   124 | D:1      | Reached XP level 2. HP: 14/14 MP: 3/3
   809 | D:1      | Gained mutation: You passively map a small area around you. [potion of mutation]
   809 | D:1      | Gained mutation: You can translocate small distances at will. [potion of mutation]
   809 | D:1      | Gained mutation: Your spells are a little harder to cast, but a little more powerful. [potion of mutation]
   845 | D:2      | Noticed Natasha
   859 | D:2      | Slain by Natasha

Vault maps used:
D:1:      minmay_arrival_stone_box, minmay_misc_feat_chi
D:2:      uniq_natasha, uniq_terence

Action                   || total
-------------------------++-------
Melee: Unarmed           ||    40
  Use: Scroll            ||     4
       Potion            ||     2
 Stab: Sleeping          ||     9
  Eat: Chunk             ||     6
